AoeStats
← JamesNewstedd

Hideout

508074561Analyzed
1v1 RM · 11d ago on Sep 20, 2026· 67m 4s· 2 players
Game mode
Random Map
Map size
Tiny (2 player)
Population
200
Speed
Normal
Resources
Standard
Victory
Conquest
Starting age
Dark Age
Ending age
Imperial Age
RankedLock teamsTeams togetherTeam positionsShared explorationLock speedFull tech treeHidden civsTurbo modeCheats
Victory
Defeat
🇩🇪 Celts · Germany
1793
+12
🇨🇿 Franks · Czechia
1708
-12
JamesNewstedd
6:30 Loom
8:53 Feudal Age
9:36 Double-Bit Axe
11:09 Wheelbarrow
18:10 Gold Mining
22:17 Castle Age
21:44 Horse Collar
22:21 Pikeman
27:07 Scale Mail Armor
30:01 Bow Saw
29:56 Arson
30:38 Stone Mining
38:53 Imperial Age
36:36 Heavy Plow
37:17 Chain Mail Armor
37:13 Forging
37:49 Town Watch
38:19 Hand Cart
38:43 Fortified Wall
39:30 Masonry
39:05 Treadmill Crane
39:50 Masonry
39:03 Halberdier
39:13 Capped Ram
41:15 Gold Shaft Mining
41:16 Plate Mail Armor
41:10 Conscription
40:58 Siege Ram
41:53 Onager
43:11 Furor Celtica
43:22 Siege Engineers
44:48 Iron Casting
44:15 Elite Woad Raider
48:04 Chemistry
49:56 Guilds
Kaiser Franz
9:03 Feudal Age
9:07 Man-at-Arms
10:14 Arson
10:59 Loom
18:59 Castle Age
18:14 Double-Bit Axe
30:30 Wheelbarrow
33:27 Hand Cart
33:41 Bow Saw
34:39 #83
38:15 Imperial Age
35:57 Forging
37:20 Iron Casting
36:49 Squires
37:24 Scale Mail Armor
37:43 Gold Mining
40:01 Chemistry
40:06 Blast Furnace
39:28 Chain Mail Armor
42:36 Siege Engineers
43:07 Conscription
43:49 Padded Archer Armor
44:30 Plate Mail Armor
43:29 Elite Throwing Axeman
46:44 Scale Barding Armor
46:54 Leather Archer Armor
48:58 Cavalier
51:54 Fletching
51:58 Gambesons
54:24 Bodkin Arrow
54:49 Paladin
60:25 Light Cavalry
61:06 Husbandry
61:31 Elite Skirmisher
64:09 Ballistics
Connection lost

Rejoining the realm…

Still unreachable

The connection could not be restored.

Session expired

The server has moved on; the page needs a fresh start.